[Event "New York Summer GM-B 2022"]
[Site "New York"]
[Date "2022.07.09"]
[Round "4.3"]
[White "Shmeliov, Denis"]
[Black "Jacobson, Aaron"]
[Result "0-1"]
[ECO "D37"]
[WhiteElo "2436"]
[BlackElo "2305"]
[Annotator "RC"]
[PlyCount "62"]
[EventDate "2022.07.08"]
[EventType "tourn"]
[EventCountry "USA"]
[SourceTitle "playchess.com"]
[Source "ChessBase"]
[SourceQuality "1"]
[TimeControl "5400+30"]

1. d4 d5 2. c4 e6 3. Nf3 Nf6 4. Nc3 h6 5. g3 Nc6 6. Bg2 Bd6 7. O-O O-O 8. a3 dxc4 9. Qa4 e5 10. Qxc4 Nxd4 11. Nxd4 exd4 12. Qxd4 Qe7 13. h3 c6 14. e4 Bc5 15. Qa4 Rd8 16. Qc2 Be6 17. Re1 Nd7 18. Bf4 f6 19. Be3 Qf7 20. Bf1 Bxe3 21. Rxe3 Bb3 22. Qe2 Ne5 23. Rc1 Rd7 24. Nb1 Rad8 25. f4 Nd3 26. Rc3 Ba2 27. Rcxd3 Bxb1 28. Rxd7 Qxd7 29. e5 fxe5 30. Rxe5 Bd3 31. Qh5 Qd4+ 0-1

[Event "New York Summer GM-B 2022"]
[Site "New York"]
[Date "2022.07.09"]
[Round "4.4"]
[White "Zeltsan, Joseph"]
[Black "Griffith, Kyron"]
[Result "1/2-1/2"]
[ECO "B12"]
[WhiteElo "2337"]
[BlackElo "2357"]
[Annotator "RC"]
[PlyCount "90"]
[EventDate "2022.07.08"]
[EventType "tourn"]
[EventCountry "USA"]
[SourceTitle "playchess.com"]
[Source "ChessBase"]
[SourceQuality "1"]
[TimeControl "5400+30"]

1. e4 c6 2. d4 d5 3. e5 Bf5 4. h4 h6 5. Bd3 Bxd3 6. Qxd3 e6 7. Nf3 Qa5+ 8. Bd2 Qa6 9. h5 Qxd3 10. cxd3 c5 11. Nc3 Nc6 12. Nb5 Kd7 13. dxc5 Bxc5 14. Rc1 Be7 15. Ke2 a6 16. Nbd4 Nxd4+ 17. Nxd4 Bd8 18. Rc3 Ne7 19. Rhc1 Rc8 20. Rxc8 Nxc8 21. Nb3 b6 22. Nd4 Na7 23. Bb4 Bc7 24. f4 Rc8 25. g4 Ke8 26. Rg1 Bd8 27. g5 Be7 28. Bxe7 Kxe7 29. f5 hxg5 30. Rxg5 Nc6 31. Nf3 exf5 32. Rxg7 Nxe5 33. Nxe5 Kf6 34. h6 Kxe5 35. h7 Rc2+ 36. Ke3 Rh2 37. Rxf7 Rh3+ 38. Kd2 Kd4 39. Kc2 Rh2+ 40. Kb3 Ke5 41. Kc3 d4+ 42. Kc4 Rc2+ 43. Kb3 Rh2 44. Kc4 Rc2+ 45. Kb3 Rh2 1/2-1/2

[Event "New York Summer GM-B 2022"]
[Site "New York"]
[Date "2022.07.09"]
[Round "4.5"]
[White "Maiti, Milind"]
[Black "Lenderman, Aleksandr"]
[Result "1/2-1/2"]
[ECO "A84"]
[WhiteElo "2316"]
[BlackElo "2572"]
[Annotator "TA"]
[PlyCount "50"]
[EventDate "2022.07.08"]
[EventType "tourn"]
[EventCountry "USA"]
[SourceTitle "playchess.com"]
[Source "ChessBase"]
[SourceQuality "1"]
[TimeControl "5400+30"]

1. d4 e6 2. c4 f5 3. Nf3 Nf6 4. e3 d5 5. Bd3 Bb4+ 6. Bd2 {[%emt 0:06:25] [#] A84: Dutch Defence: 2 c4 Miscellaneous.} Bd6 $146 ({Predecessor:} 6... Bxd2+ 7. Nfxd2 b6 8. O-O Nbd7 9. cxd5 Nxd5 10. Nc3 Nxc3 11. bxc3 O-O 12. Qb3 Qf6 {1-0 (39) Fernandez Madrid,C (2166)-Villa Labrada,X Barcelona 2016}) 7. O-O c6 8. b4 a6 9. a3 O-O 10. Ne5 Ne4 11. f4 Bd7 12. Nc3 Be8 13. Nxe4 fxe4 14. Be2 Nd7 15. a4 Nxe5 16. fxe5 Rxf1+ 17. Bxf1 Bf8 18. c5 (18. Qg4 $5 ) 18... Bd7 19. Rb1 Qe8 20. Qb3 {[%emt 0:02:06] White is slightly better.} h5 21. Be2 Qg6 22. Qd1 h4 23. Bh5 Qg5 24. Bg4 Be7 25. h3 Rf8 {[%emt 0:00:40] Weighted Error Value: White=0.12 (very precise) /Black=0.13 (very precise)} 1/2-1/2

[Event "New York Summer GM-B 2022"]
[Site "New York"]
[Date "2022.07.10"]
[Round "5.2"]
[White "Griffith, Kyron"]
[Black "Maiti, Milind"]
[Result "1/2-1/2"]
[ECO "C42"]
[WhiteElo "2357"]
[BlackElo "2316"]
[Annotator "RC"]
[PlyCount "67"]
[EventDate "2022.07.08"]
[EventType "tourn"]
[EventCountry "USA"]
[SourceTitle "playchess.com"]
[Source "ChessBase"]
[SourceQuality "1"]
[TimeControl "5400+30"]

1. e4 e5 2. Nf3 Nf6 3. Nxe5 d6 4. Nf3 Nxe4 5. d4 d5 6. Bd3 Bd6 7. O-O O-O 8. c4 c6 9. Qc2 Na6 10. a3 Bg4 11. Ne5 Bf5 12. b4 Nc7 13. f3 Bg6 14. Be3 Bxe5 15. dxe5 Ng5 16. f4 Bxd3 17. Qxd3 Ne4 18. Nc3 Nxc3 19. Qxc3 dxc4 20. Qxc4 Qd5 21. Qc2 f6 22. Bc5 Rfe8 23. exf6 gxf6 24. Rad1 Qf7 25. Rd3 a6 26. a4 Kh8 27. Qd2 Nd5 28. b5 axb5 29. axb5 Re4 30. Bd4 Rae8 31. bxc6 bxc6 32. Rg3 Qe7 33. h3 Re1 34. Rgf3 1/2-1/2

[Event "New York Summer GM-B 2022"]
[Site "New York"]
[Date "2022.07.10"]
[Round "5.3"]
[White "Jacobson, Aaron"]
[Black "Zeltsan, Joseph"]
[Result "0-1"]
[ECO "B96"]
[WhiteElo "2305"]
[BlackElo "2337"]
[Annotator "RC"]
[PlyCount "56"]
[EventDate "2022.07.08"]
[EventType "tourn"]
[EventCountry "USA"]
[SourceTitle "playchess.com"]
[Source "ChessBase"]
[SourceQuality "1"]
[TimeControl "5400+30"]

1. e4 c5 2. Nf3 d6 3. d4 cxd4 4. Nxd4 Nf6 5. Nc3 a6 6. Bg5 e6 7. f4 Nbd7 8. Qe2 Qc7 9. O-O-O Be7 10. g4 b5 11. a3 Rb8 12. Bg2 h6 13. Bh4 b4 14. axb4 Rxb4 15. Bg3 Qb6 16. Nb3 Bb7 17. Na2 Rxe4 18. Bxe4 Nxe4 19. Be1 O-O 20. Rf1 a5 21. Bxa5 Qa7 22. Qe1 Ra8 23. Nc3 Nec5 24. Bb4 d5 25. Nxc5 Nxc5 26. Ba3 Qb6 27. Qd2 Rxa3 28. bxa3 Ne4 0-1

[Event "New York Summer GM-B 2022"]
[Site "New York"]
[Date "2022.07.10"]
[Round "5.4"]
[White "Paragua, Mark"]
[Black "Shmeliov, Denis"]
[Result "1/2-1/2"]
[ECO "D38"]
[WhiteElo "2461"]
[BlackElo "2436"]
[Annotator "RC"]
[PlyCount "84"]
[EventDate "2022.07.08"]
[EventType "tourn"]
[EventCountry "USA"]
[SourceTitle "playchess.com"]
[Source "ChessBase"]
[SourceQuality "1"]
[TimeControl "5400+30"]

1. d4 Nf6 2. c4 e6 3. Nf3 d5 4. Nc3 Bb4 5. cxd5 exd5 6. Bg5 h6 7. Bh4 O-O 8. e3 Bf5 9. Qb3 Bxc3+ 10. Qxc3 Nbd7 11. Be2 Ne4 12. Qb3 Ndf6 13. O-O g5 14. Bg3 Nxg3 15. fxg3 Be6 16. Qxb7 Rb8 17. Qxa7 Rxb2 18. Bd3 Qa8 19. Qxa8 Rxa8 20. Rf2 Rxf2 21. Kxf2 Ra3 22. Ke2 Ne4 23. Bxe4 dxe4 24. Nd2 f5 25. Rc1 Rxa2 26. Rxc7 Bf7 27. h3 Bh5+ 28. g4 fxg4 29. hxg4 Bxg4+ 30. Ke1 Ra1+ 31. Kf2 Ra2 32. Ke1 Ra1+ 33. Kf2 Ra2 34. Kg3 Rxd2 35. Kxg4 Rxg2+ 36. Kf5 Rf2+ 37. Kg6 Kf8 38. Rc8+ Ke7 39. Kxh6 g4 40. Rg8 Rf3 41. Rxg4 Rxe3 42. Kg5 Kd6 1/2-1/2

[Event "New York Summer GM-B 2022"]
[Site "New York"]
[Date "2022.07.10"]
[Round "6.1"]
[White "Wang, Qibiao"]
[Black "Yudasin, Leonid"]
[Result "1/2-1/2"]
[ECO "B40"]
[WhiteElo "2365"]
[BlackElo "2396"]
[Annotator "RC"]
[PlyCount "51"]
[EventDate "2022.07.08"]
[EventType "tourn"]
[EventCountry "USA"]
[SourceTitle "playchess.com"]
[Source "ChessBase"]
[SourceQuality "1"]
[TimeControl "5400+30"]

1. e4 c5 2. Nf3 e6 3. b3 b6 4. Bb2 Bb7 5. Nc3 Nf6 6. e5 Ne4 7. Nxe4 Bxe4 8. Qe2 Bb7 9. h4 Nc6 10. h5 h6 11. Rh3 Qc7 12. O-O-O O-O-O 13. Kb1 d5 14. d4 c4 15. bxc4 Ba6 16. Nd2 Na5 17. Qg4 dxc4 18. Ne4 Kb8 19. Ba3 Bb7 20. Bd6 Bxd6 21. Nxd6 Rhg8 22. Be2 Rd7 23. Bf3 Bxf3 24. Rxf3 Nb7 25. Ne4 Rdd8 26. Qf4 1/2-1/2

[Event "New York Summer GM-B 2022"]
[Site "New York"]
[Date "2022.07.10"]
[Round "6.2"]
[White "Shmeliov, Denis"]
[Black "Tiglon, Bryce"]
[Result "1/2-1/2"]
[ECO "D97"]
[WhiteElo "2436"]
[BlackElo "2391"]
[Annotator "RC"]
[PlyCount "57"]
[EventDate "2022.07.08"]
[EventType "tourn"]
[EventCountry "USA"]
[SourceTitle "playchess.com"]
[Source "ChessBase"]
[SourceQuality "1"]
[TimeControl "5400+30"]

1. d4 Nf6 2. c4 g6 3. Nc3 d5 4. Nf3 Bg7 5. Qb3 dxc4 6. Qxc4 O-O 7. e4 a6 8. Be2 b5 9. Qb3 c5 10. dxc5 Be6 11. Qc2 Nbd7 12. Be3 Rc8 13. Rd1 Qa5 14. a3 b4 15. axb4 Qxb4 16. Nd4 Nxc5 17. O-O Ng4 18. Bxg4 Bxg4 19. f3 Be6 20. Nd5 Bxd5 21. exd5 Bxd4 22. Rxd4 Qb7 23. Qe2 Rfd8 24. Rfd1 Nb3 25. R4d3 Qb5 26. Bh6 Nd4 27. Qxe7 Nf5 28. Qg5 Rd6 29. Qd2 1/2-1/2

[Event "New York Summer GM-B 2022"]
[Site "New York"]
[Date "2022.07.10"]
[Round "6.3"]
[White "Zeltsan, Joseph"]
[Black "Paragua, Mark"]
[Result "1/2-1/2"]
[ECO "C00"]
[WhiteElo "2337"]
[BlackElo "2461"]
[Annotator "RC"]
[PlyCount "44"]
[EventDate "2022.07.08"]
[EventType "tourn"]
[EventCountry "USA"]
[SourceTitle "playchess.com"]
[Source "ChessBase"]
[SourceQuality "1"]
[TimeControl "5400+30"]

1. e4 c5 2. Nf3 e6 3. g3 Nc6 4. Bg2 Nf6 5. d3 d5 6. O-O Be7 7. Qe2 O-O 8. e5 Nd7 9. c4 b5 10. cxb5 Nd4 11. Nxd4 cxd4 12. Nd2 Qb6 13. a4 a6 14. Nb3 axb5 15. a5 Qa7 16. Re1 Kh8 17. Bd2 b4 18. Qg4 Nc5 19. Nc1 Nd7 20. Nb3 Nc5 21. Nc1 Na6 22. Nb3 Nc5 1/2-1/2

[Event "New York Summer GM-B 2022"]
[Site "New York"]
[Date "2022.07.10"]
[Round "6.4"]
[White "Maiti, Milind"]
[Black "Jacobson, Aaron"]
[Result "0-1"]
[ECO "E32"]
[WhiteElo "2316"]
[BlackElo "2305"]
[Annotator "RC"]
[PlyCount "78"]
[EventDate "2022.07.08"]
[EventType "tourn"]
[EventCountry "USA"]
[SourceTitle "playchess.com"]
[Source "ChessBase"]
[SourceQuality "1"]
[TimeControl "5400+30"]

1. d4 Nf6 2. c4 e6 3. Nc3 Bb4 4. Qc2 b6 5. e4 c5 6. d5 Qe7 7. Be2 d6 8. Bd2 O-O 9. O-O-O exd5 10. exd5 Bxc3 11. Bxc3 Ne4 12. Bd3 Nxc3 13. Qxc3 Qg5+ 14. Kb1 Qxg2 15. Ne2 Qxf2 16. Rdf1 Qh4 17. Rhg1 g6 18. Rf4 Qxh2 19. Qf6 Nd7 20. Qxd6 Qh6 21. Ng3 Qg5 22. Re4 Rd8 23. Ne2 Qf6 24. Qg3 Nf8 25. Rf4 Qe5 26. Qf3 Qg7 27. Ng3 Nd7 28. Nh5 Qf8 29. Bxg6 hxg6 30. Rxg6+ fxg6 31. Rxf8+ Rxf8 32. Qe4 Ne5 33. Qxe5 Bf5+ 34. Kc1 gxh5 35. d6 Rae8 36. Qd5+ Kg7 37. Kd2 Bg6 38. d7 Rf2+ 39. Kd1 Bc2+ 0-1

[Event "New York Summer GM-B 2022"]
[Site "New York"]
[Date "2022.07.10"]
[Round "6.5"]
[White "Lenderman, Aleksandr"]
[Black "Griffith, Kyron"]
[Result "1/2-1/2"]
[ECO "B13"]
[WhiteElo "2572"]
[BlackElo "2357"]
[Annotator "TA"]
[PlyCount "74"]
[EventDate "2022.07.08"]
[EventType "tourn"]
[EventCountry "USA"]
[SourceTitle "playchess.com"]
[Source "ChessBase"]
[SourceQuality "1"]
[TimeControl "5400+30"]

1. e4 c6 2. d4 d5 3. exd5 cxd5 4. Bd3 Nf6 5. h3 Nc6 6. c3 g6 (6... e5 {seems wilder.} 7. dxe5 Nxe5 8. Qe2 Ne4) 7. Nd2 {[%emt 0:00:28] B13: Caro-Kann: Exchange Variation and Panov-Botvinnik Attack.} Bf5 {[%emt 0:00:33] [#]} 8. Bxf5 $146 ({Predecessor:} 8. Nf1 Qc7 9. Ne3 Bxd3 10. Qxd3 e6 11. Ne2 Bg7 12. Ng4 Nh5 13. Ng3 Nxg3 14. fxg3 h5 {0-1 (28) Kovacevic,D (2233)-Lorparizangeneh,S (2493) Stari Banovci 2018}) 8... gxf5 9. Ne2 e6 10. Nf3 Ne4 11. O-O Bd6 12. Bf4 Rg8 13. Qc1 Qf6 14. Ne1 O-O-O 15. f3 Bxf4 16. Qxf4 Nd6 17. Nd3 Ne7 18. Qh2 Kb8 19. Nef4 Ka8 20. a4 Qh4 21. a5 a6 22. Kh1 Rg3 23. Ne2 Rdg8 24. Nxg3 Rxg3 25. Nc1 f4 26. Ne2 Nef5 27. b3 ({White should try} 27. Nxg3 $11 Nxg3+ 28. Kg1) 27... f6 $1 $16 {[%emt 0:12:16][%cal Od6f7] [#]} 28. Qg1 ({Reject} 28. Nxg3 Nxg3+ 29. Kg1 Ne2+ 30. Kh1 Ng3+ 31. Kg1 Ne2+ 32. Kh1 Ng3+ $11) ({White should play} 28. Rad1 $1 $16) 28... Rg6 $11 29. Qf2 Ng3+ $2 (29... Qh6 $11) 30. Nxg3 $16 Rxg3 31. Kh2 (31. Qd2 $16) 31... Nf7 $1 $11 {[%emt 0:00:48] [#] White must now prevent ...Ng5. The position is equal.} 32. Qa2 Ng5 {[%emt 0:06:36][%cal Rg5h3] ( -> ...Nxh3!)} 33. Qa3 $1 Rxh3+ 34. gxh3 Qxh3+ 35. Kg1 {[%emt 0:00:03] Hoping for Ra2.} Qg3+ 36. Kh1 {[%emt 0:00:09] Qf8+ is the strong threat.} Qh4+ 37. Kg1 Qg3+ {[%emt 0:00:25] Weighted Error Value: White=0.10 (very precise) /Black=0.11 (very precise)} 1/2-1/2

[Event "New York Summer GM-B 2022"]
[Site "New York"]
[Date "2022.07.11"]
[Round "7.1"]
[White "Griffith, Kyron"]
[Black "Wang, Qibiao"]
[Result "1/2-1/2"]
[ECO "C77"]
[WhiteElo "2357"]
[BlackElo "2365"]
[Annotator "RC"]
[PlyCount "33"]
[EventDate "2022.07.08"]
[EventType "tourn"]
[EventCountry "USA"]
[SourceTitle "playchess.com"]
[Source "ChessBase"]
[SourceQuality "1"]
[TimeControl "5400+30"]

1. e4 e5 2. Nf3 Nc6 3. Bb5 a6 4. Ba4 Nf6 5. O-O Be7 6. d3 b5 7. Bb3 d6 8. a3 O-O 9. Nc3 Nb8 10. a4 b4 11. Ne2 c5 12. c3 Nc6 13. Ng3 Rb8 14. d4 bxc3 15. bxc3 cxd4 16. cxd4 exd4 17. Ba3 1/2-1/2

[Event "New York Summer GM-B 2022"]
[Site "New York"]
[Date "2022.07.11"]
[Round "7.2"]
[White "Jacobson, Aaron"]
[Black "Lenderman, Aleksandr"]
[Result "1/2-1/2"]
[ECO "B00"]
[WhiteElo "2305"]
[BlackElo "2572"]
[Annotator "TA"]
[PlyCount "72"]
[EventDate "2022.07.08"]
[EventType "tourn"]
[EventCountry "USA"]
[SourceTitle "playchess.com"]
[Source "ChessBase"]
[SourceQuality "1"]
[TimeControl "5400+30"]

1. d4 b6 2. e4 Bb7 3. Nc3 g6 4. h4 h6 5. Be3 Bg7 {[%emt 0:01:23] [#]} 6. g4 $146 {[%emt 0:07:14] B00: Queen's Fianchetto Defence, Nimzowitsch Defence.} ({Predecessor:} 6. f4 h5 7. e5 Nh6 8. Nf3 d6 9. Bd3 Ng4 10. Qe2 e6 11. O-O-O a6 12. d5 exd5 13. exd6 {0-1 (23) Potapova,M (2270)-Erigaisi,A (2559) Chess.com INT 2020}) 6... d6 7. Bg2 c5 8. d5 {[%emt 0:10:42] White is slightly better.} b5 9. Nxb5 Bxb2 10. Rb1 Qa5+ 11. Bd2 Qxb5 12. Rh3 $1 {[%emt 0:28:43] Threatens to win with Rb3.} Ba6 13. Rb3 Qa4 14. R1xb2 ({Much weaker is} 14. R3xb2 $6 Nd7 $14) 14... Nd7 15. Bc3 Ngf6 16. Qf3 {[%emt 0:08:19] g5 is the strong threat.} O-O 17. g5 hxg5 18. hxg5 Nh5 19. Bd2 (19. Ne2 $11) 19... Ne5 $17 20. Qc3 Nc4 {[%emt 0:01:32] Against Ra3} 21. Rb1 Qd7 (21... Qxa2 $2 22. Ra1 Nxd2 23. Kxd2 Qxb3 24. cxb3 $18) (21... Rae8 $17 {Hoping for ...e6.} 22. Bc1 e6 23. dxe6 fxe6) 22. Qh3 $11 e6 23. Bf3 $1 Ng7 {[%emt 0:04:54] [#]} (23... Nxd2 $11 24. Kxd2 Qa4 25. Bxh5 Qd4+ 26. Kc1 gxh5) 24. Bc3 $1 $18 {[%emt 0:00:00] White threatens Bf6 and mate.} Ne5 25. Bxe5 dxe5 {[%emt 0:00:02] [#]} 26. Be2 {[%emt 0:00:59] Prevents Bc4.} (26. Ne2 $1 $16) 26... Qd6 (26... Bxe2 $11 27. Nxe2 c4) 27. Qh4 $14 {[%emt 0:00:44] Strongly threatening Rh3. White is more active.} Bxe2 28. Nxe2 Rab8 29. Nc3 $40 {[%emt 0:00:47][%mdl 128] White mounts an attack.} (29. dxe6 $1 $14 Rxb3 30. exf7+ Rxf7 31. Rxb3 (31. Rd1 Qxd1+ 32. Kxd1 Rb1+ 33. Kd2 Rf1 $11)) 29... Rb4 30. dxe6 fxe6 31. Ne2 (31. Rd1 $11 Qc7 32. Qh3) 31... Nf5 (31... Rd8 $15 32. Kf1 Qd2) 32. Qh1 $11 {[%emt 0:00:33] The position is equal.} Nd4 33. Qh6 Nf3+ 34. Kf1 {[%emt 0:00:04] Really sharp!} Rxb3 $1 (34... Nd2+ $2 35. Kg2 Qd7 36. Rxb4 (36. Qxg6+ Qg7 $18) 36... cxb4 37. Qxg6+ Qg7 38. Qxe6+ Qf7 39. Qxf7+ Kxf7 40. Rxb4 $18) 35. Qxg6+ Kh8 36. Qh6+ Kg8 {[%emt 0:00:03] Weighted Error Value: White=0.20 (precise) /Black=0.24 (precise)} 1/2-1/2

[Event "New York Summer GM-B 2022"]
[Site "New York"]
[Date "2022.07.11"]
[Round "7.3"]
[White "Paragua, Mark"]
[Black "Maiti, Milind"]
[Result "1-0"]
[ECO "E04"]
[WhiteElo "2461"]
[BlackElo "2316"]
[Annotator "RC"]
[PlyCount "57"]
[EventDate "2022.07.08"]
[EventType "tourn"]
[EventCountry "USA"]
[SourceTitle "playchess.com"]
[Source "ChessBase"]
[SourceQuality "1"]
[TimeControl "5400+30"]

1. d4 Nf6 2. c4 e6 3. g3 d5 4. Bg2 dxc4 5. Nf3 Bd7 6. O-O Bc6 7. Bg5 Be7 8. Qc2 b5 9. Nbd2 O-O 10. e4 a6 11. Rfe1 Bb7 12. b3 cxb3 13. Nxb3 Nc6 14. Rad1 Qc8 15. Nc5 Bxc5 16. Qxc5 Nd7 17. Qc3 Nb6 18. d5 exd5 19. exd5 Nb8 20. Ne5 f6 21. Nc6 Bxc6 22. dxc6 fxg5 23. Re7 Rf7 24. Qb3 Nc4 25. Bd5 Nd6 26. Bxf7+ Kf8 27. Rxd6 Kxe7 28. Re6+ Kxf7 29. Re8+ 1-0

[Event "New York Summer GM-B 2022"]
[Site "New York"]
[Date "2022.07.11"]
[Round "7.4"]
[White "Tiglon, Bryce"]
[Black "Zeltsan, Joseph"]
[Result "1/2-1/2"]
[ECO "B51"]
[WhiteElo "2391"]
[BlackElo "2337"]
[Annotator "RC"]
[PlyCount "81"]
[EventDate "2022.07.08"]
[EventType "tourn"]
[EventCountry "USA"]
[SourceTitle "playchess.com"]
[Source "ChessBase"]
[SourceQuality "1"]
[TimeControl "5400+30"]

1. e4 c5 2. Nf3 d6 3. Bb5+ Nd7 4. d4 cxd4 5. Qxd4 a6 6. Bxd7+ Bxd7 7. c4 b5 8. Nc3 e5 9. Qd3 bxc4 10. Qxc4 Be6 11. Qc6+ Bd7 12. Qc4 Be6 13. Qd3 h6 14. O-O Nf6 15. Rd1 Be7 16. Ne1 O-O 17. Nc2 Qd7 18. Ne3 Rfc8 19. h3 Qb7 20. b3 a5 21. Ba3 Ra6 22. Rac1 Kh8 23. Ncd5 Nxd5 24. Rxc8+ Bxc8 25. Nxd5 Bf8 26. Rc1 Rc6 27. Qd2 Rxc1+ 28. Bxc1 Qb5 29. Bb2 Bb7 30. f3 a4 31. bxa4 Qxa4 32. Bc3 Qc4 33. Ne3 Qc6 34. Kh1 Kh7 35. Nd5 Qc4 36. Ne3 Qc6 37. Bb4 Be7 38. Nf5 Bg5 39. Qe1 d5 40. exd5 Qxd5 41. Nd6 1/2-1/2

[Event "New York Summer GM-B 2022"]
[Site "New York"]
[Date "2022.07.11"]
[Round "8.1"]
[White "Wang, Qibiao"]
[Black "Shmeliov, Denis"]
[Result "1/2-1/2"]
[ECO "B53"]
[WhiteElo "2365"]
[BlackElo "2436"]
[Annotator "ChessBase"]
[PlyCount "112"]
[EventDate "2022.07.08"]
[EventType "tourn"]
[EventCountry "USA"]
[SourceTitle "playchess.com"]
[Source "ChessBase"]
[SourceQuality "1"]
[TimeControl "5400+30"]

1. e4 c5 2. Nf3 d6 3. Nc3 Nf6 4. d4 cxd4 5. Qxd4 Nc6 6. Qd3 g6 7. Nd5 Bg7 8. c3 O-O 9. Bg5 h6 10. Bh4 Nd7 11. Rd1 g5 12. Bg3 Rb8 13. Qc2 b5 14. a3 a5 15. Be2 Nde5 16. Nxe5 Nxe5 17. O-O Bb7 18. f4 gxf4 19. Nxf4 Qb6+ 20. Kh1 Qc6 21. Nd5 Rbe8 22. Qd2 Nc4 23. Bxc4 Qxc4 24. Rf4 f6 25. Ne3 Qf7 26. Nf5 h5 27. Qe2 Rd8 28. Qxb5 e5 29. Rff1 Qc7 30. Qe2 d5 31. exd5 Rxd5 32. Rxd5 Bxd5 33. Qxh5 Qb7 34. Qe2 Rd8 35. Bh4 Bh8 36. Qg4+ Kf7 37. Ne3 Be4 38. Bxf6 Bxf6 39. Rxf6+ Kxf6 40. Qh4+ Kg6 41. Qxd8 Qxb2 42. Qe8+ Kh6 43. Qe6+ Kh7 44. Qh3+ Kg7 45. Qg3+ Kf7 46. h4 Qxa3 47. Nc4 Qc1+ 48. Kh2 Qc2 49. Nxe5+ Ke6 50. Nc4 a4 51. Qd6+ Kf7 52. Ne5+ Kg7 53. Qe7+ Kg8 54. Qf7+ Kh8 55. Qf6+ Kh7 56. Qg5 Qxg2+ 1/2-1/2

[Event "New York Summer GM-B 2022"]
[Site "New York"]
[Date "2022.07.11"]
[Round "8.2"]
[White "Zeltsan, Joseph"]
[Black "Yudasin, Leonid"]
[Result "1/2-1/2"]
[ECO "C10"]
[WhiteElo "2337"]
[BlackElo "2396"]
[Annotator "ChessBase"]
[PlyCount "65"]
[EventDate "2022.07.08"]
[EventType "tourn"]
[EventCountry "USA"]
[SourceTitle "playchess.com"]
[Source "ChessBase"]
[SourceQuality "1"]
[TimeControl "5400+30"]

1. e4 e6 2. d4 d5 3. Nc3 dxe4 4. Nxe4 Nd7 5. Nf3 Ngf6 6. Nxf6+ Nxf6 7. c3 Be7 8. Bd3 O-O 9. Qc2 b6 10. Be3 Bb7 11. O-O-O Qc8 12. Rhe1 c5 13. Ne5 Rd8 14. g4 g6 15. h4 Nd5 16. a3 Nxe3 17. fxe3 Bxh4 18. Rf1 Rf8 19. Qh2 Bg5 20. Nxf7 Bxe3+ 21. Kb1 Qb8 22. Qh4 Bf4 23. Ng5 Bxg5 24. Qxg5 Qc7 25. Bc4 Rxf1 26. Rxf1 Re8 27. Rf6 Bd5 28. Bxd5 exd5 29. Qxd5+ Kg7 30. g5 cxd4 31. Qxd4 Qe5 32. Qd7+ Re7 33. Qd8 1/2-1/2

[Event "New York Summer GM-B 2022"]
[Site "New York"]
[Date "2022.07.11"]
[Round "8.3"]
[White "Maiti, Milind"]
[Black "Tiglon, Bryce"]
[Result "1-0"]
[ECO "D85"]
[WhiteElo "2316"]
[BlackElo "2391"]
[Annotator "ChessBase"]
[PlyCount "105"]
[EventDate "2022.07.08"]
[EventType "tourn"]
[EventCountry "USA"]
[SourceTitle "playchess.com"]
[Source "ChessBase"]
[SourceQuality "1"]
[TimeControl "5400+30"]

1. d4 Nf6 2. c4 g6 3. Nc3 d5 4. cxd5 Nxd5 5. e4 Nxc3 6. bxc3 Bg7 7. Nf3 c5 8. Be3 Bg4 9. Rc1 O-O 10. Be2 Qa5 11. O-O Qxa2 12. Rb1 cxd4 13. cxd4 Nc6 14. d5 Bxf3 15. Bxf3 Ne5 16. Rxb7 a5 17. Bc5 Rfe8 18. Bxe7 a4 19. d6 Qe6 20. Be2 a3 21. Bb5 a2 22. Bxe8 a1=Q 23. Qxa1 Nf3+ 24. gxf3 Bxa1 25. Bd7 Qe5 26. Rfb1 Kg7 27. Rb8 Rxb8 28. Rxb8 Bd4 29. Bh3 Qa5 30. Bf8+ Kf6 31. Be7+ Kg7 32. Bf8+ Kf6 33. Be7+ Ke5 34. Kg2 Bc5 35. Re8 Kd4 36. Bf6+ Kc4 37. d7 Qd2 38. Bh4 Bb6 39. Rc8+ Kb5 40. d8=Q Bxd8 41. Rxd8 Qh6 42. Bg3 Kc6 43. Rd6+ Kc5 44. Rd7 Qg7 45. Be6 Qf6 46. Bd5 h5 47. Rxf7 Qd8 48. Rc7+ Kb5 49. Rh7 Kc5 50. h4 Kd4 51. Rg7 Qf6 52. Rg8 Kc5 53. e5 1-0

[Event "New York Summer GM-B 2022"]
[Site "New York"]
[Date "2022.07.11"]
[Round "8.4"]
[White "Lenderman, Aleksandr"]
[Black "Paragua, Mark"]
[Result "1/2-1/2"]
[ECO "A11"]
[WhiteElo "2572"]
[BlackElo "2461"]
[Annotator "ChessBase"]
[PlyCount "119"]
[EventDate "2022.07.08"]
[EventType "tourn"]
[EventCountry "USA"]
[SourceTitle "playchess.com"]
[Source "ChessBase"]
[SourceQuality "1"]
[TimeControl "5400+30"]

1. c4 c6 2. Nf3 d5 3. g3 Nf6 4. Bg2 g6 5. b3 d4 6. Bb2 c5 7. b4 Bg7 8. bxc5 Nc6 9. Qa4 O-O 10. d3 e5 11. Nbd2 Re8 12. O-O h6 13. Rad1 Bf8 14. Ba3 Bd7 15. Qc2 b6 16. e3 Bxc5 17. Bxc5 bxc5 18. Nb3 Nb4 19. Qd2 e4 20. exd4 exf3 21. Bxf3 Nc6 22. dxc5 Ne5 23. Bg2 Bg4 24. f3 Bf5 25. Rfe1 h5 26. h3 Qb8 27. g4 hxg4 28. fxg4 Nfxg4 29. hxg4 Bxg4 30. d4 Nxc4 31. Qc3 Bxd1 32. Rxe8+ Qxe8 33. Bxa8 Qxa8 34. Qxc4 Qe4 35. Kf2 Qf4+ 36. Ke1 Bf3 37. Qd3 g5 38. Qd2 Qh4+ 39. Qf2 Qe4+ 40. Kd2 g4 41. Qh4 Qf4+ 42. Kc3 Kg7 43. Kb4 Bd5 44. Kb5 a6+ 45. Ka5 Kg6 46. Qd8 Qg5 47. Qg8+ Kf5 48. Qh7+ Kf4 49. Nc1 g3 50. Qd3 Bf3 51. Ne2+ Bxe2 52. Qd2+ Kf5 53. Qc2+ Kf6 54. Qxe2 g2 55. Qf2+ Ke7 56. Qg1 Kd7 57. Kb6 Qf6+ 58. Ka7 Qf1 59. Qh2 g1=Q 60. Qd6+ 1/2-1/2

[Event "New York Summer GM-B 2022"]
[Site "New York"]
[Date "2022.07.11"]
[Round "8.5"]
[White "Griffith, Kyron"]
[Black "Jacobson, Aaron"]
[Result "0-1"]
[ECO "C70"]
[WhiteElo "2357"]
[BlackElo "2305"]
[Annotator "ChessBase"]
[PlyCount "98"]
[EventDate "2022.07.08"]
[EventType "tourn"]
[EventCountry "USA"]
[SourceTitle "playchess.com"]
[Source "ChessBase"]
[SourceQuality "1"]
[TimeControl "5400+30"]

1. e4 e5 2. Nf3 Nc6 3. Bb5 a6 4. Ba4 f5 5. d4 exd4 6. e5 b5 7. Bb3 Bb7 8. O-O Na5 9. Nxd4 c5 10. Bxg8 cxd4 11. Bb3 Nxb3 12. axb3 Qb6 13. c3 Be7 14. cxd4 O-O 15. Nc3 f4 16. f3 d6 17. exd6 Bxd6 18. Kh1 Rad8 19. Qd3 Be5 20. d5 b4 21. Na4 Qd4 22. Qxd4 Bxd4 23. Bd2 a5 24. Be1 Bxd5 25. Bf2 Bxf2 26. Rxf2 Bxb3 27. Nc5 Rd1+ 28. Rxd1 Bxd1 29. Rd2 Rc8 30. Rd5 a4 31. h4 Bc2 32. Na6 a3 33. bxa3 b3 34. Rb5 Bd3 35. Rxb3 Bxa6 36. Rb4 Rc4 37. Rb6 Ra4 38. Kh2 Bc4 39. Rc6 Kf7 40. h5 h6 41. Kh3 Be6+ 42. Kh4 Rxa3 43. Rc1 Ra2 44. Rd1 Kf6 45. Rd4 Rxg2 46. Rxf4+ Bf5 47. Rb4 Rh2+ 48. Kg3 Rxh5 49. Rb6+ Be6 0-1